 Dungeon Crawl Stone Soup version 0.17.0-17-ge4ba49f (webtiles) character file.

466 Kramin the Cudgeler (level 7, -6/40 HPs)
             Began as a Tengu Arcane Marksman on Nov 11, 2015.
             Was a Follower of Okawaru.
             Mangled by Menkaure (16 damage)
             ... on level 5 of the Dungeon.
             The game lasted 00:10:13 (4783 turns).

Kramin the Cudgeler (Tengu Arcane Marksman)         Turns: 4783, Time: 00:10:13

Health: -6/40      AC:  6    Str: 12    XL:     7   Next: 8%
Magic:  7/9        EV: 16    Int: 13    God:    Okawaru [*.....]
Gold:   271        SH:  0    Dex: 15    Spells: 1 memorised, 7 levels left

rFire  + . .     SeeInvis .     p - +0 morningstar
rCold  . . .     Clarity  .     r - +0 ring mail
rNeg   . . .     SustAt   .     (no shield)
rPois  .         Gourm    .     (helmet restricted)
rElec  .         Spirit   .     (no cloak)
rCorr  +         Warding  .     (no gloves)
rMut   .         Stasis   .     (boots unavailable)
MR     .....                    l - amulet of resist corrosion
Stlth  ++........               (no ring)
                                B - ring of protection from fire

@: heroism, not resistant to hostile enchantments, unstealthy
A: beak, talons 3, able to fly 1
a: Fly, Heroism, Renounce Religion


You were on level 5 of the Dungeon.
You worshipped Okawaru.
Okawaru was aware of your devotion.
You were not hungry.

You visited 2 branches of the dungeon, and saw 6 of its levels.

You collected 271 gold pieces.

Inventory:

Hand Weapons
 g - a +1 dagger of venom
 p - a +0 morningstar (weapon)
Missiles
 a - 5 javelins
 b - 2 throwing nets
 f - 290 stones (quivered)
Armour
 r - a +0 ring mail (worn)
Magical Staves
 v - an uncursed staff of power
Jewellery
 l - an amulet of resist corrosion (around neck)
 B - a ring of protection from fire (left hand)
Scrolls
 c - a scroll of enchant weapon {unknown}
 i - 2 scrolls of remove curse
 k - a scroll of random uselessness {unknown}
 m - a scroll of enchant armour {unknown}
 s - a scroll of teleportation {unknown}
 w - a scroll of immolation {unknown}
 y - a scroll of noise {unknown}
 C - a scroll of blinking {unknown}
 D - a scroll of holy word {unknown}
Potions
 h - a potion of brilliance {unknown}
 j - a potion of poison {unknown}
 n - a potion of ambrosia {unknown}
 o - 2 potions of mutation {unknown}
 q - 3 potions of agility {unknown}
 t - a potion of lignification {unknown}
 x - 2 potions of heal wounds
 z - 3 potions of curing
Books
 d - a book of Debilitation

   Spells                             Type                      Level
   a - Corona                         Hexes                        1
   b - Slow                           Hexes                        2
   c - Gell's Gravitas                Hexes/Translocation          3
   d - Inner Flame                    Hexes/Fire                   3
   e - Cause Fear                     Hexes                        4
   f - Leda's Liquefaction            Hexes/Earth                  4
Comestibles
 e - 4 bread rations
 u - 2 meat rations
 A - a beef jerky
 E - 3 chunks of flesh


   Skills:
 - Level 2.4(7.4) Fighting
 - Level 1.6(6.6) Short Blades
 * Level 5.2(10.2) Maces & Flails
 - Level 2.0(7.0) Throwing
 + Level 4.9(9.9) Dodging
 - Level 1.0 Spellcasting
 - Level 2.1 Hexes


You had 7 spell levels left.
You knew the following spells:

 Your Spells              Type           Power        Failure   Level  Hunger
a - Corona                Hex            #......      30%         1    ##.....


Dungeon Overview and Level Annotations

Branches:
Dungeon (5/15)             Temple (1/1) D:4

Altars:
Ashenzari
Cheibriados
Dithmenos
Fedhas
Gozag
Kikubaaqudgha
Makhleb
Nemelex Xobeh
Okawaru
Qazlal
Ru
Sif Muna
Trog
Vehumet
Zin
The Shining One

Annotations:
D:5 Menkaure


Innate Abilities, Weirdness & Mutations

You have a beak for a mouth.
You have claws for feet.
You can fly.


Message History

* * * LOW HITPOINT WARNING * * *
Wield which item (- for none, * to show all)? (? for menu, Esc to quit)
Your +1 dagger of venom stops dripping with poison.
p - a +0 morningstar (weapon)
You puncture Menkaure!
Menkaure is moderately damaged.
Menkaure closely misses you.
You closely miss Menkaure. You claw Menkaure, but do no damage.
You peck Menkaure, but do no damage.
Menkaure is moderately damaged.
Menkaure hits you!
* * * LOW HITPOINT WARNING * * *
You puncture Menkaure! Your kick misses Menkaure. You peck Menkaure.
Menkaure is severely damaged.
Menkaure mumbles some strange words.
Menkaure seems to speed up.
You hit Menkaure but do no damage. You claw Menkaure.
Menkaure is severely damaged.
Menkaure hits you!
You die...

#.####
#.# #.#
#.# #.#
#)# #.#
#.#
#####@#
#...M(#
#.#####
#.# #.#
#.# #.#
#o# #.#


You could see Menkaure.

Vanquished Creatures
  An ogre (D:4)
  Blork the orc (D:5)
  A hound (D:2)
  An orc priest (D:5)
  Terence (D:2)
  A worker ant (D:5)
  4 gnolls (D:3)
  4 adders
  4 river rats (D:4)
  2 worms
  5 giant geckos
  5 orcs
  A giant cockroach (D:1)
  15 goblins
  9 hobgoblins
  4 jackals (D:3)
  9 kobolds
  A quokka (D:2)
  5 bats
  7 giant newts
  10 rats
91 creatures vanquished.

Vanquished Creatures (others)
  An orc (D:3)
  2 plants (D:4)
3 creatures vanquished.

Grand Total: 94 creatures vanquished

Notes
Turn   | Place    | Note
--------------------------------------------------------------
     0 | D:1      | Kramin the Tengu Arcane Marksman began the quest for the Orb.
     0 | D:1      | Reached XP level 1. HP: 12/12 MP: 3/3
   122 | D:1      | Reached XP level 2. HP: 4/16 MP: 4/4
   964 | D:1      | Reached skill level 1 in Short Blades
   964 | D:1      | Reached XP level 3. HP: 21/21 MP: 5/5
  1403 | D:2      | Noticed Terence
  1407 | D:2      | Reached skill level 3 in Dodging
  1416 | D:2      | Killed Terence
  1416 | D:2      | Reached XP level 4. HP: 15/27 MP: 6/6
  1628 | D:2      | Found a faded altar to an unknown god.
  1684 | D:2      | Found a burning altar of Makhleb.
  1690 | D:2      | Reached skill level 1 in Maces & Flails
  1859 | D:2      | Gained mutation: You can fly. [Tengu growth]
  1859 | D:2      | Reached XP level 5. HP: 17/31 MP: 7/7
  2206 | D:2      | Found a deep blue altar of Sif Muna.
  2475 | D:3      | Found a sparkling altar of Nemelex Xobeh.
  2514 | D:3      | Found a stormy altar of Qazlal.
  3015 | D:3      | Reached skill level 4 in Dodging
  3673 | D:4      | Found a staircase to the Ecumenical Temple.
  3715 | D:4      | Found a bloodstained altar of Trog.
  3784 | Temple   | Entered the Ecumenical Temple
  4016 | Temple   | Became a worshipper of Warmaster Okawaru
  4075 | D:4      | Reached XP level 6. HP: 29/36 MP: 8/8
  4101 | D:4      | Found a shadowy altar of Dithmenos.
  4332 | D:4      | Noticed an ogre
  4344 | D:4      | Killed an ogre
  4497 | D:5      | Entered Level 5 of the Dungeon
  4743 | D:5      | Noticed Blork the orc
  4745 | D:5      | Noticed Menkaure
  4772 | D:5      | Killed Blork the orc
  4772 | D:5      | Reached * piety under Okawaru
  4772 | D:5      | Reached skill level 5 in Maces & Flails
  4772 | D:5      | Reached XP level 7. HP: 24/40 MP: 9/9
  4783 | D:5      | Mangled by Menkaure

Action                   |  1- 3 |  4- 6 |  7- 9 || total
-------------------------+-------+-------+-------++-------
Melee: Dagger            |    73 |   208 |       ||   281
       Morningstar       |       |       |     4 ||     4
Throw: Stone             |     4 |     5 |       ||     9
       Javelin           |       |     1 |       ||     1
Invok: Heroism           |       |       |     1 ||     1
 Abil: Fly               |       |     1 |       ||     1
  Use: Scroll            |       |     4 |       ||     4
  Eat: Chunk             |     1 |    11 |       ||    12
